 Dungeon Crawl Stone Soup version 0.30-a0-272-gf98c3da03f (webtiles) character file.

Game seed: 11775473107986524939

16894 billz999 the Unseen (level 12, -14/84 HPs)
             Began as a Vampire Earth Elementalist on Oct 15, 2022.
             Was a Priest of Sif Muna.
             Demolished by Rupert
             ... wielding a +3 battleaxe of flaming
              (15 damage)
             ... on level 3 of the Lair of Beasts.
             The game lasted 00:38:33 (15854 turns).

billz999 the Unseen (Vampire Earth Elementalist)   Turns: 15854, Time: 00:38:34

Health: -14/84     AC: 11    Str: 18    XL:     12   Next: 14%
Magic:  11/25      EV: 11    Int: 21    God:    Sif Muna [***...]
Gold:   397        SH:  0    Dex: 16    Spells: 19/30 levels left

rFire   . . .      SeeInvis +    L - +3 dagger (venom)
rCold   x . .      Faith    .    (no shield)
rNeg    . . .      Spirit   .    Z - +1 ring mail of a Labyrinth {rC- rCorr Str+5 Stlth+}
rPois   .          Reflect  .    U - +0 helmet
rElec   .          Harm     .    y - +0 cloak
rCorr   +          Rampage  .    M - +1 pair of gloves
Will    +....                    N - +0 pair of boots
Stlth   ++++++....               (no amulet)
HPRegen 0.54/turn                z - ring of wizardry
MPRegen 0.19/turn                w - +6 ring of strength

@: about to teleport, healing quickly
A: alive, fangs 3, see invisible, vampiric 2
a: Exsanguinate, Renounce Religion, Channel Magic, Forget Spell


You were on level 3 of the Lair of Beasts.
You worshipped Sif Muna.
Sif Muna was most pleased with you.
You visited 2 branches of the dungeon, and saw 14 of its levels.

You collected 551 gold pieces.
You spent 154 gold pieces at shops.

Inventory:

Hand Weapons
 L - a +3 dagger of venom (weapon)
Armour
 y - a +0 cloak (worn)
 B - the +1 leather armour of Vehumet's Outrage {Rampage rElec rPois SInv}
   (You bought it in a shop on level 4 of the Dungeon)

   rElec:     It insulates you from electricity.
   rPois:     It protects you from poison.
   SInv:      It lets you see invisible.
   Rampage:   It bestows one free step when moving towards enemies.
 M - a +1 pair of gloves (worn)
 N - a +0 pair of boots (worn)
 U - a +0 helmet (worn)
 Z - the +1 ring mail of a Labyrinth (worn) {rC- rCorr Str+5 Stlth+}
   (You found it on level 1 of the Lair of Beasts)

   Str:       It affects your strength (+5).
   rC:        It makes you vulnerable to cold.
   rCorr:     It protects you from acid and corrosion.
   Stlth:     It makes you more stealthy.
Magical Staves
 W - a staff of earth
Jewellery
 d - an amulet of reflection
 i - a ring of wizardry
 t - a +6 ring of strength
 v - a ring of magical power
 w - a +6 ring of strength (right hand)
 z - a ring of wizardry (left hand)
 G - a ring of wizardry
 H - a +4 ring of protection
 K - a ring of wizardry
 R - a +4 ring of evasion
 T - a ring of wizardry
Wands
 F - a wand of polymorph (14)
 P - a wand of light (1)
 Q - a wand of flame (15)
 S - a wand of iceblast (2)
Scrolls
 a - a scroll of identify
 c - a scroll of brand weapon
 h - a scroll of summoning
 j - 3 scrolls of butterflies
 m - a scroll of magic mapping
 r - 2 scrolls of teleportation
 s - 3 scrolls of poison
 x - 4 scrolls of noise
 A - 2 scrolls of amnesia
 I - a scroll of fear {unknown}
 X - a scroll of acquirement {unknown}
 Y - a scroll of enchant weapon
Potions
 b - a potion of magic
 f - a potion of brilliance {unknown}
 g - 2 potions of curing
 k - 4 potions of degeneration
 n - 2 potions of lignification
 o - 3 potions of might
 p - 2 potions of berserk rage
 q - 4 potions of resistance {unknown}
 C - 2 potions of haste {unknown}
 D - 2 potions of mutation {unknown}
 E - 2 potions of flight {unknown}
 O - a potion of heal wounds {unknown}
 V - a potion of ambrosia {unknown}


   Skills:
 - Level 4.5 Fighting
 + Level 9.0 Short Blades
 - Level 2.1 Dodging
 - Level 15.4 Stealth
 - Level 9.7 Spellcasting
 - Level 9.5 Transmutations
 - Level 6.3 Earth Magic


You had 19 spell levels left.
You knew the following spells:

 Your Spells              Type           Power      Damage    Failure   Level
a - Sandblast             Erth           72%        2d16      1%          1
b - Petrify               Tmut/Erth      43%        N/A       1%          4
c - Mephitic Cloud        Conj/Pois/Air  10%        N/A       14%         3
d - Stone Arrow           Conj/Erth      46%        3d9       4%          3

Your spell library contained the following spells:

 Spells                   Type           Power      Damage    Failure   Level
 Passwall                 Tmut/Erth      35%        N/A       1%          2
 Apportation              Tloc           20%        N/A       4%          1
 Magic Dart               Conj           40%        1d5       4%          1
 Necrotise                Necr           40%        1d6       4%          1
 Summon Small Mammal      Summ           40%        N/A       4%          1
 Ice Form                 Ice/Tmut       30%        N/A       7%          4
 Call Imp                 Summ           10%        N/A       8%          2
 Cigotuvi's Dreadful Rot  Necr/Pois/Air  20%        N/A       8%          2
 Poisonous Vapours        Pois/Air       20%        N/A       8%          2
 Dazzling Flash           Conj/Hex       20%        N/A       14%         3
 Frozen Ramparts          Ice            20%        1d4       14%         3
 Gell's Gravitas          Tloc           10%        N/A       14%         3
 Lesser Beckoning         Tloc           20%        N/A       14%         3
 Teleport Other           Tloc           10%        N/A       14%         3
 Airstrike                Air            5%         2d(1-17)  41%         4
 Iskenderun's Mystic Bla  Conj/Tloc      10%        2d4       41%         4
 Summon Ice Beast         Ice/Summ       10%        N/A       41%         4
 Summon Lightning Spire   Summ/Air       10%        N/A       41%         4
 Lightning Bolt           Conj/Air       5%         1d17      75%         5
 Starburst                Conj/Fire      5%         6d4       99%         6


Dungeon Overview and Level Annotations

Branches:
Dungeon (11/15)            Temple (0/1) D:5            Lair (3/5) D:9
 Shoals (0/4) Lair:2
  Snake: Lair:2-3    Spider: Lair:2-3       Orc: D:9-12

Altars:
Kikubaaqudgha
Nemelex Xobeh
Okawaru
Qazlal
Sif Muna
Uskayaw
Vehumet
Wu Jian

Shops:
D:4 [   D:10 (

Annotations:
Lair:1 Fannar
Lair:3 2 transporters, exclusion: ice statue, Rupert


Innate Abilities, Weirdness & Mutations

Your natural rate of healing is accelerated.
You have razor-sharp teeth.
You have supernaturally acute eyesight. (SInv)
You are afflicted with vampirism and can become a bat while bloodless.


Message History

As you read the scroll of blinking, it crumbles to dust.
Rupert rages.
Aiming: Bolt of Light
Press: ? - help, Shift-Dir - straight line, f - Rupert
Aim: Rupert, wielding a +3 battleaxe of flaming and wearing a +2 ring mail of willpower (berserk, 75% to hit)
The bolt of light hits Rupert!
Rupert is lightly wounded.
Rupert is blinded.
Aiming: Iceblast
Press: ? - help, Shift-Dir - straight line, f/p - Rupert
Aim: Rupert, wielding a +3 battleaxe of flaming and wearing a +2 ring mail of willpower (lightly wounded, berserk, blind)
The mass of ice explodes!
The iceblast engulfs Rupert!
Rupert is lightly wounded.
You hear a trumpeting! x2
Casting: Petrify (dangerous; 1% risk of failure)
Confirm with . or Enter, or press ? or * to list all spells.
Aiming: Sandblast (safe; 1% risk of failure)
Press: ? - help, Shift-Dir - straight line, f/p - Rupert
Aim: Rupert, wielding a +3 battleaxe of flaming and wearing a +2 ring mail of willpower (lightly wounded, wandering, berserk, blind, hasn't noticed you, 86% to hit)
The blast of sand hits Rupert.
Rupert is lightly wounded.
Rupert is no longer blind.
An elephant comes into view.
Casting: Sandblast (safe; 1% risk of failure)
Confirm with . or Enter, or press ? or * to list all spells.
Aiming: Petrify (dangerous; 1% risk of failure)
Press: ? - help, Shift-Dir - straight line, f/p - Rupert
Aim: Rupert, wielding a +3 battleaxe of flaming and wearing a +2 ring mail of willpower (lightly wounded, berserk, chance to affect: 0%)
Okay, then.
As you read the scroll of teleportation, it crumbles to dust.
You feel strangely unstable.
Rupert hits you with a +3 battleaxe of flaming!!
Rupert burns you.
Okay, then.
Okay, then.
You feel better.
Rupert hits you with a +3 battleaxe of flaming!!!
* * * LOW HITPOINT WARNING * * *
Rupert burns you!
You die...

..######.P# #......# ....#
....#PPP.#######...### ...
.....................# ..#
.......<........Y...## ..
...................## .#
..##................# ##.#
....#..........(...####..#
................@..#...#.##
....#...........@.........#
.........##########.......#
P.P+#......#.B. #.......##
...........#.###.####......#
.........©©#©B...©≈8#.....###
...........#[###.####....#..#
...........#[.. #.(..^.....
##.......##########..........
#PP..........................


You could see Rupert (berserk) and an elephant.

Vanquished Creatures
  Snorg (D:10)
  A catoblepas (Lair:2)
  2 two-headed ogres
  Erica (D:8)
  Sonja (Lair:2)
  2 black mambas
  A gargoyle (D:9)
  6 cane toads
  An unseen horror (D:9)
  5 komodo dragons
  A rime drake (Lair:1)
  A troll (D:10)
  3 polar bears (Lair:3)
  5 blink frogs
  A shadow (D:10)
  3 yaks (Lair:2)
  4 wyverns
  2 steam dragons (D:8)
  Grum (D:8)
  Edmund (D:5)
  An acid dragon (D:10)
  5 water moccasins
  2 orc warriors
  3 sky beasts (D:7)
  7 ice beasts
  2 black bears
  3 wolves (D:8)
  An ogre (D:5)
  8 centaurs
  A phantom (D:5)
  2 kobold brigands
  8 bullfrogs
  A necrophage (D:8)
  4 scorpions
  6 wights (D:8)
  3 killer bees (D:10)
  4 howler monkeys
  2 jellies
  6 orc priests
  A gnoll bouda (D:9)
  6 hounds
  2 iguanas
  5 orc wizards
  4 gnolls
  9 adders
  A shadow imp (D:6)
  2 white imps (D:7)
  An ufetubus (D:7)
  3 worms
  5 dart slugs
  42 orcs
  11 ball pythons
  7 endoplasms
  3 giant cockroaches
  5 goblins
  5 hobgoblins
  5 jackals
  3 quokkas
  7 bats
  3 frilled lizards
  10 kobolds
  3 rats
255 creatures vanquished.

Vanquished Creatures (others)
  A human (D:5)
  14 fungi
  24 plants
39 creatures vanquished.

Grand Total: 294 creatures vanquished

Notes
Turn   | Place    | Note
-------+----------+-------------------------------------------
     0 | D:1      | billz999 the Vampire Earth Elementalist began the quest for
                  | the Orb.
     0 | D:1      | Reached XP level 1. HP: 13/13 MP: 3/3
   395 | D:1      | Reached XP level 2. HP: 12/19 MP: 0/5
  1039 | D:1      | Gained mutation: You are afflicted with vampirism and can
                  | become a bat while bloodless. [Vampire growth]
  1039 | D:1      | Reached XP level 3. HP: 24/24 MP: 4/6
  1688 | D:2      | Reached XP level 4. HP: 30/30 MP: 5/7
  1814 | D:2      | Learned a level 4 spell: Petrify
  2678 | D:3      | Found a shimmering blue altar of Sif Muna.
  2696 | D:3      | Became a worshipper of Sif Muna the Loreminder
  3060 | D:3      | Reached XP level 5. HP: 35/35 MP: 5/9
  3384 | D:3      | Found a hide-covered altar of Uskayaw.
  3561 | D:4      | Reached skill level 5 in Transmutations
  3570 | D:3      | Reached XP level 6. HP: 30/41 MP: 5/11
  4017 | D:4      | Found Veydwop's Antique Armour Shop.
  4027 | D:4      | Bought a shimmering leather armour for 154 gold pieces
  4027 | D:4      | Identified the +1 leather armour of Vehumet's Outrage
                  | {Rampage rElec rPois SInv} (You bought it in a shop on
                  | level 4 of the Dungeon)
  4068 | D:4      | Noticed an air elemental
  4069 | D:4      | Found a stormy altar of Qazlal.
  4080 | D:4      | Noticed a fire elemental
  4091 | D:4      | Noticed a water elemental
  4408 | D:5      | Entered Level 5 of the Dungeon
  4516 | D:5      | Noticed an ice beast
  4527 | D:5      | Killed an ice beast
  4744 | D:5      | Reached XP level 7. HP: 41/46 MP: 9/13
  4829 | D:5      | Reached skill level 4 in Stealth
  4937 | D:5      | Noticed Edmund
  4980 | D:5      | Killed Edmund
  5067 | D:5      | Found an ancient bone altar of Kikubaaqudgha.
  5068 | D:5      | Noticed a human
  5072 | D:5      | Killed a human
  5097 | D:5      | Reached skill level 5 in Stealth
  5160 | D:5      | Found a staircase to the Ecumenical Temple.
  5339 | D:5      | Reached * piety under Sif Muna
  5477 | D:5      | Reached skill level 6 in Stealth
  5554 | D:5      | Reached XP level 8. HP: 52/52 MP: 6/14
  5922 | D:6      | Reached skill level 7 in Stealth
  6126 | D:6      | Reached skill level 5 in Earth Magic
  6636 | D:6      | Reached skill level 8 in Stealth
  7276 | D:7      | Reached skill level 9 in Stealth
  7339 | D:7      | Found an iron altar of Okawaru.
  7379 | D:7      | Reached ** piety under Sif Muna
  7499 | D:7      | Found a sparkling altar of Nemelex Xobeh.
  7552 | D:7      | Noticed a two-headed ogre
  7585 | D:7      | Killed a two-headed ogre
  7586 | D:7      | Reached skill level 10 in Stealth
  7586 | D:7      | Reached XP level 9. HP: 57/57 MP: 2/15
  7725 | D:7      | Learned a level 3 spell: Mephitic Cloud
  7937 | D:7      | Found an ornate altar of the Wu Jian Council.
  7992 | D:7      | Reached skill level 11 in Stealth
  8075 | D:8      | Reached skill level 1 in Short Blades
  8249 | D:8      | Noticed Erica
  8259 | D:8      | Killed Erica
  8446 | D:8      | Identified the +0 pair of gloves of Tuteaf {Fly rElec rPois
                  | rF-}
  8491 | D:8      | Reached XP level 10. HP: 60/63 MP: 16/19
  8538 | D:8      | Noticed Grum
  8556 | D:8      | HP: 1/62 [wolf[Grum] (8)]
  8697 | D:8      | Killed Grum
  8842 | D:8      | Noticed a two-headed ogre
  8874 | D:8      | Killed a two-headed ogre
  9188 | D:8      | Reached skill level 5 in Short Blades
  9354 | D:8      | Found a radiant altar of Vehumet.
  9919 | D:9      | Noticed a gargoyle
 10343 | D:9      | Reached skill level 1 in Fighting
 10375 | D:9      | Killed a gargoyle
 10473 | D:9      | Found a staircase to the Lair.
 10864 | Lair:1   | Entered Level 1 of the Lair of Beasts
 10909 | D:10     | Entered Level 10 of the Dungeon
 10941 | D:10     | Noticed Snorg
 10948 | D:10     | Reached skill level 12 in Stealth
 10953 | D:10     | Killed Snorg
 11086 | D:10     | Reached *** piety under Sif Muna
 11338 | D:10     | Found Zacaju's Weapon Shoppe.
 11587 | D:6      | Learned a level 3 spell: Stone Arrow
 11727 | D:10     | Reached XP level 11. HP: 59/73 MP: 19/23
 12222 | D:9      | Reached skill level 13 in Stealth
 12324 | D:9      | Found a staircase to the Lair.
 13330 | Lair:1   | Noticed Fannar
 13575 | Lair:2   | Noticed Sonja
 13577 | Lair:2   | Killed Sonja
 13789 | Lair:1   | Identified the +1 ring mail of a Labyrinth {rC- rCorr Str+5
                  | Stlth+}
 13843 | Lair:1   | Reached skill level 14 in Stealth
 13987 | Lair:2   | Noticed a catoblepas
 14008 | Lair:1   | You fall into a shaft and drop 1 floor!
 14102 | Lair:2   | Found a staircase to the Shoals.
 14666 | Lair:2   | Killed a catoblepas
 14667 | Lair:2   | Reached skill level 15 in Stealth
 15404 | Lair:3   | Reached XP level 12. HP: 39/84 MP: 17/25
 15762 | Lair:3   | Found a transporter.
 15764 | Lair:3   | Found a transporter.
 15765 | Lair:3   | Noticed a boulder beetle
 15765 | Lair:3   | Noticed a boulder beetle
 15836 | Lair:3   | Noticed Rupert
 15854 | Lair:3   | HP: 1/84 [Rupert/+3 battleaxe of flaming (36)]
 15854 | Lair:3   | Demolished by Rupert

Illustrated notes

Levels and vault maps discovered:
D:1:      minmay_arrival_jagged, layout_loops_corners, minmay_pentomino_p2
D:2:      layout_basic
D:3:      layout_loops_corners, nicolae_sif_muna_little_library,
          lemuel_coloured_pillars_altar, minmay_fountain_box
D:4:      layout_cave_pools, nicolae_qazlal_style_of_elements, serial_shops,
          nicolae_shop_hallway_plus, cheibrodos_gnoll_hut
D:5:      layout_cave_pods, tgw_kikubaaqudgha, minmay_temple_entry_ruins,
          hangedman_abyss_or_decor_slice, uniq_edmund
D:6:      layout_loops_corners, minmay_between
D:7:      layout_rooms, general_overflow_altar, marbit_many_paths,
          overflow_temple_1_default
D:8:      layout_cave_pods, lemuel_crystal_altar, enter_bailey_2,
          nicolae_concentric_dashed_squares_wild, uniq_grum, uniq_erica
D:9:      layout_loops_corners, lair_entry_dummy, kennysheep_generic_room_13
D:10:     layout_irregular_city, mainiacjoe_overflow_catwalk, serial_shops,
          nicolae_shop_bloodbath_and_beyond, uniq_snorg
D:11:     layout_loops_ring, minmay_misc_feat_plants, kennysheep_path_1,
          minmay_librarian
Lair:1:   layout_chaotic_city, kennysheep_rathole, grunt_megastairs_2,
          uniq_fannar
Lair:2:   layout_roguey, minmay_shoals_entry_centaurs, uniq_sonja
Lair:3:   gammafunk_boulding_lane, layout_chaotic_city,
          guppyfry_snake_entry_island, basic_altar, serial_bayou_pond_d,
          ice2_lemuel, serial_bayou_shore_b, uniq_rupert

Skill      XL: |  1  2  3  4  5  6  7  8  9 10 11 12 |
---------------+-------------------------------------+-----
Transmutations | 2 3 4 5 6 7 9 |  9.5
Spellcasting   | 3 4 6 8 9 |  9.7
Earth Magic    | 4 6 |  6.3
Stealth        | 6 10 11 12 15 | 15.4
Short Blades   | 3 6 7 9 |  9.0
Fighting       | 2 4 |  4.5
Dodging        | |  2.1

Action                   |  1- 3 |  4- 6 |  7- 9 | 10-12 || total
-------------------------+-------+-------+-------+-------++-------
Melee: Unarmed           |    47 |       |       |       ||    47
       Bite              |     4 |     5 |    20 |    29 ||    58
       Punch             |     1 |     2 |     5 |     4 ||    12
       Dagger            |     2 |    28 |   102 |   152 ||   284
       Short sword       |       |    12 |       |    23 ||    35
       Staff             |       |       |       |     8 ||     8
 Cast: Sandblast         |    52 |    81 |    79 |    63 ||   275
       Petrify           |       |     7 |    46 |   134 ||   187
 Abil: Exsanguinate      |       |       |     1 |       ||     1
Evoke: Wand              |       |       |     5 |    11 ||    16
  Use: Potion            |       |     1 |     2 |     6 ||     9
       Scroll            |       |     3 |     4 |    16 ||    23
 Stab: Sleeping          |       |     2 |     3 |     4 ||     9
       Petrified         |       |    19 |    51 |    57 ||   127
       Petrifying        |       |     2 |     4 |    29 ||    35
       Invisible         |       |       |       |     4 ||     4
Armor: Robe              |    13 |     6 |       |       ||    19
       Leather armour    |       |     4 |    30 |    49 ||    83
       Ring mail         |       |       |       |    19 ||    19
Dodge: Dodged            |    47 |    40 |    68 |   138 ||   293

Table legend: (Time is in decaauts)
 A = Elapsed time spent in this place.
 B = Non-inter-level travel time spent in this place.
 C = Inter-level travel time spent in this place.
 D = Time resting spent in this place.
 E = Time spent auto-exploring this place.
 F = Levels seen in this place.
 G = Mean time per level.
                   A        B        C        D        E       F      G
               +--------+--------+--------+--------+--------+-----+--------+
         Total |  15929 |  15042 |    887 |   1434 |  11403 |  14 | 1137.8 |
       Dungeon |  13201 |  12487 |    714 |    864 |   9917 |  11 | 1200.1 |
          Lair |   2727 |   2554 |    173 |    570 |   1486 |   3 |  909.0 |
               +--------+--------+--------+--------+--------+-----+--------+

Top non-repeatable levels by time:
     D:9: 2454 daAuts
  Lair:2: 1525 daAuts
     D:3: 1522 daAuts
     D:8: 1487 daAuts
     D:5: 1457 daAuts
     D:1: 1316 daAuts
     D:7: 1286 daAuts
     D:6: 1121 daAuts
    D:10: 872 daAuts
     D:4: 846 daAuts
     D:2: 779 daAuts
  Lair:1: 669 daAuts
  Lair:3: 532 daAuts
    D:11: 56 daAuts
